 Dungeon Crawl Stone Soup version 0.28.0 (webtiles) character file.

Game seed: 2083732653758178497

62 browni3141 the Chopper (level 3, 0/33 HPs)
             Began as a Minotaur Berserker on Feb 11, 2022.
             Was a Follower of Trog.
             Slain by an orc (2 damage)
             ... on level 2 of the Dungeon.
             The game lasted 00:00:44 (1514 turns).

browni3141 the Chopper (Minotaur Berserker)         Turns: 1514, Time: 00:00:45

Health: 0/33       AC:  2    Str: 21    XL:     3   Next: 85%
Magic:  2/2        EV: 12    Int:  4    God:    Trog [*.....]
Gold:   106        SH:  0    Dex: 11    Spells: 2/2 levels left

rFire   . . .      SeeInvis .   a - +0 hand axe
rCold   . . .      Faith    .   (no shield)
rNeg    . . .      Spirit   .   b - +0 animal skin
rPois   .          Reflect  .   (helmet restricted)
rElec   .          Harm     .   (no cloak)
rCorr   .          Rampage  .   (no gloves)
Will    .....                   (no boots)
Stlth   +.........              (no amulet)
HPRegen 0.11/turn               (no ring)
MPRegen 0.08/turn               (no ring)

@: no status effects
A: horns 2, retaliatory headbutt
a: Renounce Religion, Berserk


You were on level 2 of the Dungeon.
You worshipped Trog.
Trog was aware of your devotion.
You visited 1 branch of the dungeon, and saw 2 of its levels.

You collected 106 gold pieces.

Inventory:

Hand Weapons
 a - a +0 hand axe (weapon)
Armour
 b - a +0 animal skin (worn)
Scrolls
 c - 6 scrolls of identify {unknown}
 g - a scroll of summoning {unknown}
 i - a scroll of immolation {unknown}
Potions
 d - a potion of haste {unknown}
 e - a potion of flight {unknown}
 f - 2 potions of might {unknown}
 h - 2 potions of berserk rage {unknown}


   Skills:
 + Level 4.2 Fighting
 + Level 4.3 Axes
 + Level 3.1 Armour
 + Level 3.1 Dodging


You had 2 spell levels left.
You didn't know any spells.
Your spell library was empty.

Dungeon Overview and Level Annotations

Branches:
Dungeon (2/15)

Altars:


Innate Abilities, Weirdness & Mutations

You have a pair of horns on your head.
You reflexively headbutt those who attack you in melee.


Message History

No target in view!
h - a smoky yellow potion
There is a stone staircase leading up here.
You see here a bat corpse.
Items here: )) †††.
There is a stone staircase leading down here.
Key pressed, stopping explore.
You now have 106 gold pieces (gained 10).
h - 2 smoky yellow potions (gained 1)
i - a scroll labelled TUT WEONLOOH
f - 2 red potions (gained 1)
You can no longer call upon Trog for regeneration and willpower. 2 orcs come into view.
An orc is wielding a +1 vorpal hand axe.
The orc shouts!
The orc moves out of view. x2
An orc comes into view. It is wielding a +0 short sword.
An orc is nearby!
An orc is nearby!
An orc is nearby!
Found 12 stones.
The orc hits you with a +0 club.
You hit the orc but do no damage. You headbutt the orc.
The orc is moderately wounded.
The orc hits you with a +0 club.
The orc throws a boomerang.
The boomerang hits you but does no damage.
The orc misses you.
The orc hits you with a +1 vorpal hand axe!
The orc closely misses you.
You hit the orc but do no damage.
The orc is moderately wounded.
You barely miss the orc. You hit the orc. The orc hits you with a +0 club.
The orc hits you with a +1 vorpal hand axe.
The orc hits you with a +0 short sword. The orc hits you with a +0 club.
The orc hits you with a +1 vorpal hand axe!
* * * LOW HITPOINT WARNING * * *
x2 You completely miss the orc.
The orc is severely wounded.
You hit the orc. You hit the orc but do no damage.
The orc hits you with a +0 short sword.
You die...

###).........#### ##....#
#............###### ####..
#.........#.......### ##.
#.._......#.#####...###### ##
#.8.8.#####.#######......######
#.....# #.#....(######.......
#...### #.#.....# ########
##.## #####..o.o..# #.
#.......@o..# ...#####.....# #
#.....# #######


You could see 3 orcs.

Vanquished Creatures
  2 adders (D:2)
  A dart slug (D:2)
  6 ball pythons
  6 bats
  3 endoplasms
  4 goblins
  2 hobgoblins
  2 quokkas
  2 frilled lizards
  6 kobolds
  5 rats
39 creatures vanquished.

Notes
Turn   | Place    | Note
-------+----------+-------------------------------------------
     0 | D:1      | browni3141 the Minotaur Berserker began the quest for the
                  | Orb.
     0 | D:1      | Reached XP level 1. HP: 19/19 MP: 0/0
   323 | D:1      | Reached XP level 2. HP: 26/27 MP: 1/1
  1189 | D:2      | Reached XP level 3. HP: 33/33 MP: 2/2
  1196 | D:2      | Reached ** piety under Trog
  1353 | D:2      | Found a faded altar of an unknown god.
  1514 | D:2      | Slain by an orc

Illustrated notes

Levels and vault maps discovered:
D:1:      wander_arrival_peaceful_grave, layout_loops_ring
D:2:      layout_rooms, dreamdust_ecumenical_altar_statues

Skill      XL: |  1  2  3 |
---------------+----------+-----
Axes           | 4 |  4.3
Fighting       | 4 |  4.2
Armour         | 3 |  3.1
Dodging        | 3 |  3.1

Action                   || total
-------------------------++-------
Melee: Hand axe          ||    64
       Headbutt          ||     8
Invok: Berserk           ||     2
 Stab: Sleeping          ||     2
Armor: Animal skin       ||    18
Dodge: Dodged            ||    49
